 Dungeon Crawl Stone Soup version 0.26.1-11-gd32895ea62 (webtiles) character file.

Game seed: 3231507862085556710

3425 Almogavar the Spear-Bearer (level 10, -1/79 HPs)
             Began as a Merfolk Berserker on May 13, 2021.
             Was an Elder of Trog.
             Slain by a hog (4 damage)
             ... on level 7 of the Dungeon.
             The game lasted 00:27:00 (10009 turns).

Almogavar the Spear-Bearer (Merfolk Berserker)     Turns: 10009, Time: 00:27:01

Health: -1/79      AC:  4    Str: 20    XL:     10   Next: 5%
Magic:  10/10      EV: 17    Int:  7    God:    Trog [****..]
Gold:   522        SH:  0    Dex: 20    Spells: 9/9 levels left

rFire    . . .     SeeInvis .   a - +0 spear
rCold    . . .     Faith    .   (no shield)
rNeg     . . .     Spirit   .   l - +0 leather armour {rPois}
rPois    +         Reflect  .   (no helmet)
rElec    .         Harm     .   g - +0 cloak
rCorr    .         Rampage  .   (no gloves)
Will     ++...                  (no boots)
Stlth    +++.......             s - amulet of the acrobat
HPRegen  1.23/turn              A - +6 ring of dexterity
MPRegen  0.12/turn              (no ring)

@: berserk cooldown, regenerating, slowed, very slow
A: change form in water, swift swim, stealthy swim
a: Renounce Religion, Berserk, Trog's Hand, Brothers in Arms


You were on level 7 of the Dungeon.
You worshipped Trog.
Trog was greatly pleased with you.
You visited 1 branch of the dungeon, and saw 7 of its levels.

You collected 522 gold pieces.

Inventory:

Hand Weapons
 a - a +0 spear (weapon)
Missiles
 c - 3 boomerangs
 C - 19 poisoned darts (quivered)
Armour
 g - a +0 cloak (worn)
 k - a +0 scale mail
 l - a +0 leather armour of poison resistance (worn)
 p - a +0 kite shield
 r - a +0 chain mail
 x - a +2 ring mail of fire resistance
Jewellery
 h - an uncursed amulet of reflection
 s - an amulet of the acrobat (around neck)
 A - a +6 ring of dexterity (left hand)
Wands
 m - a wand of disintegration (12)
 o - a wand of flame (12)
 u - a wand of polymorph (2)
 y - a wand of acid (8)
 F - a wand of random effects (21)
Scrolls
 b - 2 scrolls of magic mapping
 d - 2 scrolls of fear
 i - 2 scrolls of remove curse
 n - 4 scrolls of enchant armour
 t - 3 scrolls of enchant weapon
 v - 4 scrolls of amnesia {unknown}
 w - a scroll of blinking
 B - 3 scrolls of teleportation {unknown}
 D - a scroll of fog {unknown}
Potions
 e - a potion of mutation {unknown}
 f - a potion of heal wounds
 j - 3 potions of flight
 q - a potion of magic
 z - a potion of attraction {unknown}
 E - 2 potions of lignification {unknown}


   Skills:
 + Level 7.4 Fighting
 + Level 12.6 Polearms
 + Level 0.9 Throwing
 + Level 5.0 Armour
 + Level 6.7 Dodging
 + Level 3.8 Stealth
 + Level 1.3 Shields
 + Level 1.5 Evocations


You had 9 spell levels left.
You didn't know any spells.
Your spell library was empty.

Dungeon Overview and Level Annotations

Branches:
Dungeon (7/15)             Temple (0/1) D:6

Altars:
Ashenzari
Cheibriados
Elyvilon
Kikubaaqudgha
Qazlal
Sif Muna
Trog

Shops:
D:6 }

Annotations:
D:7 3 runed translucent doors, Hank's ghost, novice MiFi


Message History

The hog completely misses you. The hog completely misses you.
The hog looks more healthy.
The hog completely misses you.
You hit the hog.
The hog is moderately wounded.
The hog closely misses you.
You barely miss the hog.
The hog is moderately wounded.
The hog barely misses you.
You hit the hog.
The hog is moderately wounded.
The hog barely misses you.
You puncture the hog!
The hog is heavily wounded.
The hog bites you!
* * * LOW HITPOINT WARNING * * *
You puncture the hog!
The hog is almost dead.
The hog bites you.
You die...

##### ##...##### #..).(...#
##†#####.# #..#..#.########
######### #..#..#....(...#
........# #h.'..#........#
........########@.#..#........#
...............#..#..#........#
..............>#######........#
.............#.#..............#
........##.....#..............#
........##...###..............###
......(.##...#.....†.............
........##...#.#..............###
........##...#.#..............#


You could see a hog.

Vanquished Creatures
  A hornet (D:5)
  3 hogs (D:7)
  A human (D:7)
  An orc warrior (D:5)
  An ice beast (D:6)
  A phantom (D:4)
  2 centaurs
  4 ogres
  5 bullfrogs (D:6)
  A scorpion (D:7)
  9 killer bees
  A howler monkey (D:4)
  A bullfrog zombie (D:5)
  A jelly (D:6)
  A quasit (D:5)
  4 hounds
  2 bullfrog skeletons
  6 orc wizards
  3 orc priests (D:4)
  3 iguanas
  Natasha (thrice) (D:3)
  6 worker ants
  A hound zombie (D:5)
  3 worker ant zombies
  8 adders
  2 white imps
  2 ufetubi
  An ooze (D:5)
  An adder skeleton (D:7)
  An adder zombie (D:6)
  2 worms
  A dart slug (D:2)
  5 leopard geckos
  19 orcs
  6 bats
  14 giant cockroaches
  9 goblins
  5 hobgoblins
  5 quokkas
  A ball python (D:7)
  4 frilled lizards
  5 kobolds
  A leopard gecko skeleton (D:5)
  A quokka skeleton (D:5)
  4 rats
161 creatures vanquished.

Vanquished Creatures (others)
  A fungus (D:7)
  3 plants (D:7)
4 creatures vanquished.

Grand Total: 165 creatures vanquished

Notes
Turn   | Place    | Note
-------+----------+-------------------------------------------
     0 | D:1      | Almogavar the Merfolk Berserker began the quest for the
                  | Orb.
     0 | D:1      | Reached XP level 1. HP: 18/18 MP: 1/1
    43 | D:1      | You fall into a shaft and drop 1 floor!
    56 | D:2      | Reached XP level 2. HP: 25/25 MP: 2/2
   152 | D:2      | Reached XP level 3. HP: 21/30 MP: 3/3
   173 | D:2      | Reached skill level 5 in Polearms
   589 | D:1      | Reached ** piety under Trog
  1473 | D:2      | Reached XP level 4. HP: 35/37 MP: 4/4
  1887 | D:2      | Found a shimmering blue altar of Sif Muna.
  2018 | D:2      | You fall into a shaft and drop 1 floor!
  2312 | D:3      | Reached skill level 6 in Polearms
  2610 | D:3      | Reached *** piety under Trog
  2698 | D:3      | Found an ancient bone altar of Kikubaaqudgha.
  2706 | D:3      | Noticed Natasha
  2715 | D:3      | Killed Natasha
  2716 | D:3      | Reached skill level 1 in Stealth
  2716 | D:3      | Reached XP level 5. HP: 42/42 MP: 5/5
  2875 | D:3      | Found a snail-covered altar of Cheibriados.
  2939 | D:3      | Noticed Natasha
  2945 | D:3      | Killed Natasha
  3065 | D:3      | Noticed Natasha
  3079 | D:3      | Killed Natasha
  3466 | D:4      | Reached skill level 1 in Shields
  3480 | D:4      | Reached XP level 6. HP: 47/48 MP: 6/6
  3660 | D:4      | Noticed a phantom
  3682 | D:4      | Reached skill level 7 in Polearms
  3733 | D:4      | Killed a phantom
  3961 | D:4      | Reached XP level 7. HP: 16/55 MP: 7/7
  3972 | D:4      | Reached skill level 1 in Evocations
  4724 | D:5      | Entered Level 5 of the Dungeon
  4735 | D:5      | Reached skill level 8 in Polearms
  5040 | D:5      | Reached skill level 5 in Fighting
  5332 | D:5      | Reached **** piety under Trog
  5393 | D:4      | Reached skill level 9 in Polearms
  5393 | D:4      | Reached XP level 8. HP: 44/62 MP: 8/8
  6517 | D:5      | Noticed a hornet
  6524 | D:5      | Reached skill level 10 in Polearms
  6531 | D:5      | Paralysed by a hornet for 2 turns
  6553 | D:5      | Killed a hornet
  6554 | D:5      | Reached skill level 5 in Dodging
  7099 | D:6      | Found a white marble altar of Elyvilon.
  7173 | D:6      | Reached XP level 9. HP: 46/69 MP: 9/9
  7398 | D:6      | Reached skill level 11 in Polearms
  7461 | D:6      | Found Pioporywk's Gadget Shop.
  7511 | D:6      | Found a broken altar of Ashenzari.
  7638 | D:6      | Found a staircase to the Ecumenical Temple.
  7964 | D:6      | Found a stormy altar of Qazlal.
  7964 | D:6      | Found a bloodstained altar of Trog.
  9155 | D:7      | Found a runed translucent gate.
  9155 | D:7      | Found a runed translucent gate.
  9155 | D:7      | Found a runed translucent gate.
  9157 | D:7      | Noticed Hank's ghost (novice MiFi)
  9158 | D:7      | Identified the cursed +3 dagger "Goblinslayer" {chaos, rN+}
  9279 | D:7      | Reached skill level 12 in Polearms
  9974 | D:7      | Reached skill level 5 in Armour
  9974 | D:7      | Reached XP level 10. HP: 74/79 MP: 10/10
 10008 | D:7      | HP: 2/79 [hog (12)]
 10009 | D:7      | Slain by a hog

Illustrated notes

Levels and vault maps discovered:
D:1:      onia_arrival_pentagram, layout_loops_ring
D:2:      layout_loops_ring, lemuel_blue_sif_altar
D:3:      layout_basic, kiku_gazebo_pond_becter, nicolae_overflow_crystal_walls,
          uniq_natasha
D:4:      cheibrodos_pilgrimage, layout_loops_cross, grunt_decor_arrowhead,
          grunt_decor_one_mirror
D:5:      cheibrodos_fzero, layout_basic
D:6:      layout_loops_corners, cheibrodos_ashenzari_chains,
          gammafunk_temple_overflow_elements, elyvilon_altar_1,
          minmay_temple_entry_waves, serial_shops, shop
D:7:      layout_basic, gammafunk_ghost_nasty_kobolds, minivault_27,
          grunt_livestock

Skill      XL: |  1  2  3  4  5  6  7  8  9 |
---------------+----------------------------+-----
Polearms       | 5 6 7 9 10 12 | 12.6
Fighting       | 4 5 6 7 |  7.4
Dodging        | 3 4 5 6 |  6.7
Armour         | 2 4 5 |  5.0
Stealth        | 1 2 3 |  3.8
Shields        | 1 |  1.3
Evocations     | 1 |  1.5
Throwing       | |  0.9

Action                   |  1- 3 |  4- 6 |  7- 9 | 10-12 || total
-------------------------+-------+-------+-------+-------++-------
Melee: Spear             |   131 |   220 |   609 |    23 ||   983
Throw: Dart              |       |       |     4 |     2 ||     6
Invok: Berserk           |     2 |     1 |     9 |       ||    12
       Trog's Hand       |       |     2 |     2 |     1 ||     5
Evoke: Wand              |       |     6 |       |       ||     6
  Use: Scroll            |     2 |     4 |     4 |     1 ||    11
       Potion            |       |       |     7 |       ||     7
 Stab: Sleeping          |     4 |     1 |     2 |       ||     7
       Distracted        |       |     1 |       |       ||     1
Armor: Animal skin       |    14 |       |       |       ||    14
       Leather armour    |    10 |    27 |     8 |     3 ||    48
       Skin              |       |     2 |       |       ||     2
       Ring mail         |       |       |    83 |       ||    83
Dodge: Dodged            |    67 |    62 |   289 |    17 ||   435
Block: Other             |     5 |    11 |       |       ||    16
